AoeStats
← elijamesleon2

Fortress

510046208Analyzed
4v4 RM · 3d ago on Sep 29, 2026· 29m 40s· 8 players
Game mode
Random Map
Map size
Huge
Population
200
Speed
Normal
Resources
Standard
Victory
Conquest
Starting age
Dark Age
Ending age
Imperial Age
RankedLock teamsTeams togetherTeam positionsShared explorationLock speedFull tech treeHidden civsTurbo modeCheats
Victory
Defeat
🇺🇸 Cumans · United States
842
+11
🇺🇸 Magyars · United States
812
+12
🇺🇸 Armenians · United States
763
+14
🇺🇸 Huns · United States
733
+15
744
-14
🇨🇳 Franks · China
738
-14
🇨🇳 Tupi · China
711
-13
🇨🇳 Celts · China
679
-11
WINGER
0:32 Loom
9:27 Feudal Age
13:59 Castle Age
12:08 Double-Bit Axe
12:15 Horse Collar
13:49 Gold Mining
诺
1:54 Loom
10:14 Feudal Age
16:19 Castle Age
14:19 Double-Bit Axe
make wall ,door and market well?
1175523390
8:13 Feudal Age
12:46 Castle Age
10:49 Double-Bit Axe
10:47 Horse Collar
11:27 Stone Mining
11:54 Gold Mining
15:28 Wheelbarrow
15:23 Bow Saw
18:08 Stone Shaft Mining
17:36 Heavy Plow
18:17 Gold Shaft Mining
PapaSnackz
8:29 Feudal Age
9:45 Wheelbarrow
8:32 Man-at-Arms
9:21 Long Swordsman
10:13 Double-Bit Axe
11:12 Forging
11:04 Scale Mail Armor
10:59 Arson
14:04 Gold Mining
20:32 Castle Age
18:19 Horse Collar
20:35 Loom
20:35 Two-Handed Swordsman
21:51 Champion
23:51 Hand Cart
24:55 Squires
26:00 Gambesons
30:02 Iron Casting
29:43 Chain Mail Armor
elijamesleon2
2:03 Loom
9:32 Feudal Age
11:08 Double-Bit Axe
13:22 Wheelbarrow
13:53 Bloodlines
31:28 Castle Age
ZaddyStacks
7:24 Feudal Age
7:45 Horse Collar
8:00 Double-Bit Axe
16:11 Bloodlines
22:30 Castle Age
23:23 Corvinian Army
25:25 Stone Mining
28:51 Imperial Age
29:32 Spies/Treason
WavyRackz
8:44 Feudal Age
18:21 Loom
26:16 Castle Age
25:06 Gold Mining
29:38 Imperial Age
29:41 Spies/Treason
Connection lost

Rejoining the realm…

Still unreachable

The connection could not be restored.

Session expired

The server has moved on; the page needs a fresh start.